 Dungeon Crawl Stone Soup version 0.29-a0-732-g3d7fbe0af2 (webtiles) character file.

Game seed: 13479898704206740637

863 frimble the Shooter (level 7, 0/64 HPs)
             Began as a Minotaur Hunter on June 29, 2022.
             Succumbed to a scorpion's poison
             ... on level 5 of the Dungeon.
             The game lasted 00:05:50 (5497 turns).

frimble the Shooter (Minotaur Hunter)               Turns: 5497, Time: 00:05:51

Health: 0/64       AC:  3    Str: 16    XL:     7   Next: 72%
Magic:  6/6        EV: 14    Int:  8    God:
Gold:   334        SH:  0    Dex: 13    Spells: 6/6 levels left

rFire   . . .      SeeInvis .   a - +0 shortbow
rCold   . . .      Faith    .   (shield currently unavailable)
rNeg    . . .      Spirit   .   c - +0 leather armour
rPois   .          Reflect  .   (helmet restricted)
rElec   .          Harm     .   (no cloak)
rCorr   .          Rampage  .   (no gloves)
Will    .....                   (no boots)
Stlth   ..........              (no amulet)
HPRegen 0.20/turn               (no ring)
MPRegen 0.10/turn               (no ring)

@: lethally poisoned (0 -> -1), silenced
A: horns 2, retaliatory headbutt, screaming 1, inability to drink while
threatened 1
a: no special abilities


You were on level 5 of the Dungeon.
You visited 1 branch of the dungeon, and saw 5 of its levels.

You collected 334 gold pieces.

Inventory:

Hand Weapons
 a - a +0 shortbow (weapon)
 l - a +0 great sword
Armour
 c - a +0 leather armour (worn)
Jewellery
 e - a ring of protection from fire
 n - a ring of see invisible
Scrolls
 b - a scroll of immolation
 d - a scroll of magic mapping
 j - a scroll of identify
 m - a scroll of fear {unknown}
 o - 2 scrolls of vulnerability {unknown}
 p - a scroll of summoning {unknown}
 q - a scroll of enchant armour {unknown}
 r - a scroll of blinking {unknown}
Potions
 f - 2 potions of brilliance
 h - a potion of mutation
 i - 3 potions of attraction


   Skills:
 + Level 6.4 Fighting
 + Level 7.1 Ranged Weapons
 + Level 5.9 Dodging
 - Level 1.1 Stealth


You had 6 spell levels left.
You didn't know any spells.
Your spell library contained the following spells:

 Spells                   Type           Power      Damage    Failure   Level
 Poisonous Vapours        Pois/Air       0%         N/A       63%         2
 Corpse Rot               Necr/Pois/Air  0%         N/A       99%         4


Dungeon Overview and Level Annotations

Branches:
Dungeon (5/15)
 Temple: D:4-7

Altars:
Cheibriados
Vehumet
Zin

Shops:
D:1 ?[   D:2 (


Innate Abilities, Weirdness & Mutations

You have a pair of horns on your head.
You reflexively headbutt those who attack you in melee.
You occasionally shout uncontrollably at your foes.
You occasionally lose the ability to drink potions when taking damage.


Message History

You are poisoned.
The scorpion poisons you!
You feel sick.
Okay, then.
Magic scrolls do not work when you're silenced!
Fire: a) +0 shortbow
Press: ? - help, Q - select action Shift-Dir - straight line, f/p - scorpion
Aim: a scorpion (silenced, lightly wounded)
You shoot an arrow. The arrow hits the scorpion.
The scorpion is heavily wounded.
You feel sick. The scorpion misses you.
Fire: a) +0 shortbow
Press: ? - help, Q - select action Shift-Dir - straight line, f/p - scorpion
Aim: a scorpion (silenced, heavily wounded)
You shoot an arrow. The arrow barely misses the scorpion.
You feel sick.
The scorpion stings you but does no damage.
The scorpion stings you.
* * * LOW HITPOINT WARNING * * *
Fire: a) +0 shortbow
Press: ? - help, Q - select action Shift-Dir - straight line, f/p - scorpion
Aim: a scorpion (silenced, heavily wounded)
You shoot an arrow. The arrow barely misses the scorpion.
You feel sick. The scorpion stings you.
* * * LOW HITPOINT WARNING * * *
Fire: a) +0 shortbow
Press: ? - help, Q - select action Shift-Dir - straight line, f/p - scorpion
Aim: a scorpion (silenced, heavily wounded)
You shoot an arrow. The arrow hits the scorpion!
The scorpion is almost dead.
* * * LOW HITPOINT WARNING * * *
You feel sick. The scorpion stings you.
* * * LOW HITPOINT WARNING * * *
The scorpion closely misses you.
Fire: a) +0 shortbow
Press: ? - help, Q - select action Shift-Dir - straight line, f/p - scorpion
Aim: a scorpion (silenced, almost dead)
You shoot an arrow.
The arrow hits the scorpion but does no damage.
The scorpion is almost dead.
You die...

##..###.....#
#....#......#
#....#......#
#....#......#
#....#......#
#....'....... ##+##
##...####...#
#.....##...####...#
......'s@..........
......#............
..... #............
#### #############


You could see a scorpion.

Vanquished Creatures
  Sigmund (D:4)
  Menkaure (D:4)
  An ogre (D:5)
  A jelly (D:5)
  A howler monkey (D:4)
  3 hounds
  An orc wizard (D:3)
  Natasha (thrice) (D:3)
  Robin (D:3)
  4 gnolls (D:3)
  6 adders
  An ufetubus (D:5)
  2 worms (D:3)
  A dart slug (D:3)
  15 orcs
  7 bats
  6 endoplasms
  2 giant cockroaches
  19 goblins
  10 hobgoblins
  3 jackals (D:3)
  6 quokkas
  8 ball pythons
  3 frilled lizards
  8 kobolds
  A rat (D:1)
115 creatures vanquished.

Vanquished Creatures (others)
  A plant (D:5)
1 creature vanquished.

Grand Total: 116 creatures vanquished

Notes
Turn   | Place    | Note
-------+----------+-------------------------------------------
     0 | D:1      | frimble the Minotaur Hunter began the quest for the Orb.
     0 | D:1      | Reached XP level 1. HP: 18/18 MP: 0/0
    67 | D:1      | Reached skill level 1 in Stealth
    99 | D:1      | Found Aniuqu's Armour Boutique.
   220 | D:1      | Found Puluc's Magic Scroll Shop.
   242 | D:1      | Reached XP level 2. HP: 25/25 MP: 1/1
   501 | D:1      | Reached XP level 3. HP: 31/31 MP: 2/2
  1232 | D:2      | Reached skill level 5 in Ranged Weapons
  1338 | D:2      | Reached XP level 4. HP: 38/38 MP: 3/3
  1350 | D:2      | Found Joaxebb's Weapon Shoppe.
  1608 | D:3      | Noticed Natasha
  1957 | D:3      | Killed Natasha
  2064 | D:3      | Noticed Natasha
  2077 | D:3      | Killed Natasha
  2084 | D:3      | Noticed Natasha
  2099 | D:3      | Gained mutation: You occasionally lose the ability to drink
                  | potions when taking damage. [potion of mutation]
  2099 | D:3      | Gained mutation: You occasionally shout uncontrollably at
                  | your foes. [potion of mutation]
  2100 | D:3      | Killed Natasha
  2101 | D:3      | Reached XP level 5. HP: 15/46 MP: 4/4
  2546 | D:4      | Noticed Menkaure
  2554 | D:4      | Killed Menkaure
  2555 | D:4      | Reached XP level 6. HP: 42/53 MP: 5/5
  2667 | D:4      | Noticed Sigmund
  2698 | D:4      | Killed Sigmund
  2699 | D:4      | Reached skill level 5 in Fighting
  2699 | D:4      | Reached skill level 6 in Ranged Weapons
  2963 | D:4      | Reached skill level 5 in Dodging
  3051 | D:4      | Reached XP level 7. HP: 61/61 MP: 6/6
  4405 | D:3      | Noticed Robin
  4427 | D:3      | HP: 3/62 [poisoned by Robin]
  4429 | D:3      | HP: 1/62 [poisoned by Robin]
  4784 | D:3      | Killed Robin
  4966 | D:5      | Entered Level 5 of the Dungeon
  5319 | D:5      | Found a snail-covered altar of Cheibriados.
  5347 | D:5      | Found a radiant altar of Vehumet.
  5355 | D:5      | Found a glowing silver altar of Zin.
  5421 | D:5      | Reached skill level 7 in Ranged Weapons
  5496 | D:5      | HP: 2/64 [poisoned by a scorpion]
  5497 | D:5      | Succumbed to a scorpion's poison

Illustrated notes

Levels and vault maps discovered:
D:1:      minmay_arrival_jagged, layout_loops_corners, serial_shops,
          nicolae_shop_hallway_plus, shop
D:2:      layout_basic, serial_shops, nicolae_shop_trees
D:3:      kennysheep_goblin_castle, layout_rooms, uniq_natasha
D:4:      layout_loops_ring, serial_rivers, chequers_serial_rivers_micro_b,
          chequers_serial_rivers_micro_a, chequers_serial_rivers_large_b,
          chequers_serial_rivers_marsh, chequers_serial_rivers_small_b,
          chequers_serial_rivers_large_a, uniq_menkaure, uniq_sigmund
D:5:      layout_gridville, gammafunk_temple_overflow_forgotten,
          minmay_misc_feat_four_crosses, kennysheep_generic_room_15

Skill      XL: |  1  2  3  4  5  6  7 |
---------------+----------------------+-----
Stealth        | 1 |  1.1
Fighting       | 3 4 5 6 |  6.4
Dodging        | 3 4 5 |  5.9
Ranged Weapons | 5 6 7 |  7.1

Action                   |  1- 3 |  4- 6 |  7- 9 || total
-------------------------+-------+-------+-------++-------
Melee: Unarmed           |       |     3 |       ||     3
       Headbutt          |       |     1 |       ||     1
 Fire: Shortbow          |   101 |   105 |   172 ||   378
  Use: Potion            |       |     5 |     3 ||     8
       Scroll            |       |     1 |     3 ||     4
Armor: Leather armour    |     5 |     9 |    16 ||    30
Dodge: Dodged            |    23 |    33 |    87 ||   143

Table legend: (Time is in decaauts)
 A = Elapsed time spent in this place.
 B = Non-inter-level travel time spent in this place.
 C = Inter-level travel time spent in this place.
 D = Time resting spent in this place.
 E = Time spent auto-exploring this place.
 F = Levels seen in this place.
 G = Mean time per level.
                   A        B        C        D        E       F      G
               +--------+--------+--------+--------+--------+-----+--------+
         Total |   5666 |   5349 |    317 |    520 |   4072 |   5 | 1133.2 |
       Dungeon |   5666 |   5349 |    317 |    520 |   4072 |   5 | 1133.2 |
               +--------+--------+--------+--------+--------+-----+--------+

Top non-repeatable levels by time:
     D:3: 1736 daAuts
     D:4: 1414 daAuts
     D:1: 999 daAuts
     D:2: 976 daAuts
     D:5: 539 daAuts
